 Dungeon Crawl Stone Soup version 0.21-a0-94-gdd6ab6a (webtiles) character file.

9117 nikopol the Thaumaturge (level 11, -5/57 HPs)
             Began as a Deep Elf Fire Elementalist on July 1, 2017.
             Was a Priest of Vehumet.
             Slain by a skeletal warrior
             ... wielding a +0 war axe
             ... led by a skeletal warrior
              (22 damage)
             ... on level 11 of the Dungeon on July 2, 2017.
             The game lasted 01:23:08 (12698 turns).

nikopol the Thaumaturge (DEFE)                     Turns: 12698, Time: 01:23:09

Health: -5/57      AC:  3    Str:  5    XL:     11   Next: 18%
Magic:  24/30      EV: 15    Int: 24    God:    Vehumet [***...]
Gold:   737        SH:  0    Dex: 17    Spells: 24/36 levels left

rFire    + . .     SeeInvis .   n - staff of wizardry
rCold    + . .     Gourm    .   (no shield)
rNeg     . . .     Faith    .   o - +1 robe {rF+}
rPois    .         Spirit   .   (no helmet)
rElec    .         Reflect  .   (no cloak)
rCorr    .         Harm     .   (no gloves)
MR       +....                  (no boots)
Stlth    +++.......             x - amulet of regeneration
HPRegen  0.59/turn              e - ring of protection from cold
MPRegen  0.22/turn              m - +2 ring of dexterity

@: no status effects
A: no striking features
a: Renounce Religion


You were on level 11 of the Dungeon.
You worshipped Vehumet.
Vehumet was most pleased with you.
You were not hungry.

You visited 2 branches of the dungeon, and saw 13 of its levels.
You also visited: Sewer.

You collected 737 gold pieces.

Inventory:

Hand Weapons
 p - a +0 short sword
Armour
 a - a +0 robe
 o - a +1 robe of fire resistance (worn)
Magical Staves
 n - an uncursed staff of wizardry (weapon)
Jewellery
 e - a ring of protection from cold (left hand)
 j - an uncursed ring of fire {unknown}
 m - a +2 ring of dexterity (right hand)
 x - an amulet of regeneration (around neck)
 P - a +5 ring of strength {unknown}
 Q - an uncursed ring of magical power {unknown}
 R - an uncursed ring of magical power {unknown}
Wands
 f - a wand of flame (23/48)
 q - a wand of paralysis (1/24)
 B - a wand of digging (14/24)
 T - a wand of iceblast (9/15)
Scrolls
 s - a scroll of fear {unknown}
 u - 2 scrolls of fog {unknown}
 v - 2 scrolls of enchant armour {unknown}
 y - 7 scrolls of teleportation {unknown}
 z - a scroll of magic mapping
 C - 5 scrolls of remove curse
 E - 2 scrolls of holy word {unknown}
 F - a scroll of brand weapon {unknown}
 I - 2 scrolls of blinking
 K - a scroll of enchant weapon {unknown}
 S - 2 scrolls of amnesia {unknown}
Potions
 g - 2 potions of agility
 i - 6 potions of lignification
 k - 2 potions of brilliance
 l - 4 potions of curing
 r - 3 potions of flight
 t - 2 potions of heal wounds
 w - 3 potions of mutation
 A - a potion of berserk rage {unknown}
 D - a potion of magic {unknown}
 H - a potion of invisibility {unknown}
 J - a potion of degeneration {unknown}
 L - 2 potions of cancellation {unknown}
 M - a potion of haste {unknown}
Books
 b - a book of Flames

   Spells                             Type                      Level
   a - Flame Tongue                   Conjuration/Fire             1
   b - Throw Flame                    Conjuration/Fire             2
   c - Conjure Flame                  Conjuration/Fire             3
   d - Inner Flame                    Hexes/Fire                   3
   e - Sticky Flame                   Conjuration/Fire             4
   f - Fireball                       Conjuration/Fire             5
 N - a book of Callings

   Spells                             Type                      Level
   a - Summon Small Mammal            Summoning                    1
   b - Call Imp                       Summoning                    2
   c - Call Canine Familiar           Summoning                    3
   d - Summon Guardian Golem          Hexes/Summoning              3
   e - Summon Lightning Spire         Summoning/Air                4
   f - Summon Ice Beast               Ice/Summoning                4
Comestibles
 c - 2 bread rations
 d - 3 chunks of flesh
 h - 3 meat rations
 G - 15 royal jellies


   Skills:
 + Level 1.9 Fighting
 + Level 0.2 Short Blades
 + Level 5.3 Dodging
 + Level 4.8 Stealth
 + Level 13.2 Spellcasting
 + Level 9.9 Conjurations
 + Level 10.6 Fire Magic
 + Level 0.7 Evocations


You had 24 spell levels left.
You knew the following spells:

 Your Spells              Type           Power        Failure   Level  Hunger
a - Flame Tongue          Conj/Fire      #####        1%          1    None
b - Throw Flame           Conj/Fire      ######       1%          2    None
c - Conjure Flame         Conj/Fire      ######..     1%          3    None
d - Fireball              Conj/Fire      ######....   1%          5    ###....
e - Sting                 Conj/Pois      ####         1%          1    None


Dungeon Overview and Level Annotations

Branches:
Dungeon (12/15)            Temple (0/1) D:6            Lair (1/6) D:9
    Orc (0/2) D:11

Altars:
Dithmenos
Elyvilon
Gozag
Hepliaklqana
Qazlal
Sif Muna
Vehumet
Xom

Shops:
D:11 (

Annotations:
D:7 p0werm0de's ghost, novice DgSk
D:8 Erica


Message History

Casting: Flame Tongue
Confirm with . or Enter, or press ? or * to list all spells.
Aiming: Flame Tongue
Press: ? - help, Shift-Dir - straight line, f/p - skeletal warrior
Aim: a skeletal warrior, wielding a war axe (flame, lightly damaged)
The flame tongue hits the skeletal warrior.
The skeletal warrior appears unharmed.
The skeletal warrior is lightly damaged.
The skeletal warrior is engulfed in blazing flames.
The skeletal warrior closely misses you.
Casting: Flame Tongue
Confirm with . or Enter, or press ? or * to list all spells.
Aiming: Flame Tongue
Press: ? - help, Shift-Dir - straight line, f/p - skeletal warrior
Aim: a skeletal warrior, wielding a war axe (flame, moderately damaged)
The flame tongue hits the skeletal warrior.
The skeletal warrior appears unharmed.
The skeletal warrior is moderately damaged.
The skeletal warrior hits you with a war axe!!
You die...

#8...8#.#####'#######....##'#.
#######.#.......# #....#..#.
#...............# #....'..#.
#......#........# #....#..#.
#......#........# #....#..#.
#......##..##...#####..).####.
#########..##...#.....#'######
#........#...#.....#.......
#........z@..#.....#.......
#........#...#.....#.......
#........#...#.....#.......
#........#...#....)'.......
##..##..######.....##'####.
##..##..# ##..).......#.
#.......# #..........#.
#..)....# #..........#. ##
##.>##### #####..........##


You could see a skeletal warrior.

Vanquished Creatures
  A centaur warrior (D:11)
  2 two-headed ogres
  A centaur skeleton (D:10)
  A troll (D:11)
  2 hippogriffs
  A wyvern (D:8)
  A yak (Lair:1)
  Menkaure (D:7)
  A soldier ant (D:11)
  A water moccasin (Lair:1)
  4 orc warriors
  3 ice beasts
  4 sky beasts
  A black bear (D:8)
  A necrophage (D:7)
  6 ogres
  2 phantoms
  3 centaurs
  A crocodile (D:9)
  4 big kobolds
  9 bullfrogs
  A gnoll sergeant (D:11)
  A wyvern skeleton (D:9)
  3 scorpions
  3 wights (D:8)
  3 howler monkeys (D:11)
  2 centaur zombies (D:10)
  3 quasits
  A bullfrog skeleton (D:10)
  3 jellies (D:10)
  5 orc priests
  4 bullfrog zombies
  A gnoll shaman (D:5)
  8 hounds
  Terence (D:3)
  2 iguanas
  13 orc wizards
  A killer bee zombie (D:7)
  3 worker ants
  A hound skeleton (D:4)
  22 gnolls
  2 howler monkey skeletons
  13 adders
  5 shadow imps
  6 oozes
  3 adder skeletons
  An adder zombie (D:6)
  2 worms
  2 dart slugs
  10 leopard geckos
  42 orcs
  5 ball pythons
  9 bats
  16 giant cockroaches
  6 goblins
  11 hobgoblins
  11 jackals
  7 kobolds
  7 quokkas
  6 frilled lizards
  13 rats
308 creatures vanquished.

Vanquished Creatures (others)
  A scorpion (D:5)
  A gnoll (D:5)
2 creatures vanquished.

Grand Total: 310 creatures vanquished

Notes
Turn   | Place    | Note
-------+----------+-------------------------------------------
     0 | D:1      | nikopol the Deep Elf Fire Elementalist began the quest for the Orb.
     0 | D:1      | Reached XP level 1. HP: 10/10 MP: 6/6
   146 | D:1      | Reached XP level 2. HP: 15/15 MP: 6/8
   152 | D:1      | Learned a level 2 spell: Throw Flame
   508 | D:1      | Reached XP level 3. HP: 19/19 MP: 3/10
  1264 | D:2      | Reached skill level 4 in Spellcasting
  1269 | D:2      | Learned a level 3 spell: Conjure Flame
  1318 | D:2      | Reached XP level 4. HP: 21/24 MP: 6/12
  1601 | D:3      | Noticed Terence
  1975 | D:3      | Reached XP level 5. HP: 23/28 MP: 0/13
  2046 | D:3      | Found a glowing drain.
  2062 | Sewer    | Entered a sewer
  2320 | Sewer    | Reached skill level 5 in Spellcasting
  2448 | Sewer    | Reached XP level 6. HP: 32/32 MP: 11/15
  2451 | Sewer    | Reached skill level 5 in Fire Magic
  2458 | Sewer    | Learned a level 5 spell: Fireball
  2911 | D:3      | Killed Terence
  3124 | D:4      | Reached skill level 6 in Spellcasting
  3124 | D:4      | Reached XP level 7. HP: 31/36 MP: 2/18
  3508 | D:4      | Found an opulent altar of Gozag.
  3703 | D:4      | Reached skill level 7 in Spellcasting
  4345 | D:5      | Entered Level 5 of the Dungeon
  4433 | D:5      | Reached skill level 5 in Conjurations
  4540 | D:5      | Found a white marble altar of Elyvilon.
  4896 | D:5      | Reached XP level 8. HP: 41/41 MP: 11/21
  5207 | D:5      | Found a shimmering altar of Xom.
  5547 | D:6      | Found a radiant altar of Vehumet.
  5561 | D:6      | Found a staircase to the Ecumenical Temple.
  5577 | D:6      | Became a worshipper of Vehumet
  5640 | D:6      | Reached skill level 8 in Spellcasting
  5979 | D:6      | Reached skill level 1 in Fighting
  6240 | D:7      | Noticed p0werm0de's ghost (novice DgSk)
  6298 | D:7      | Found a deep blue altar of Sif Muna.
  6564 | D:7      | Reached skill level 9 in Spellcasting
  6694 | D:7      | Noticed a hippogriff
  6698 | D:7      | Killed a hippogriff
  6698 | D:7      | Reached XP level 9. HP: 46/47 MP: 12/24
  6843 | D:7      | Noticed Menkaure
  6845 | D:7      | Killed Menkaure
  7268 | D:8      | Reached * piety under Vehumet
  7268 | D:8      | Offered knowledge of Sandblast by Vehumet.
  7268 | D:8      | Reached skill level 10 in Spellcasting
  8135 | D:8      | Noticed Erica
  8461 | D:8      | Reached skill level 11 in Spellcasting
  8649 | D:9      | Found a staircase to the Lair.
  8837 | D:9      | Reached XP level 10. HP: 53/53 MP: 19/27
  9008 | D:9      | Offered knowledge of Sting by Vehumet.
  9125 | D:9      | Found a stormy altar of Qazlal.
  9128 | D:9      | Learned a level 1 spell: Sting
  9388 | D:9      | Found a hazy altar of Hepliaklqana.
  9460 | D:9      | Reached ** piety under Vehumet
  9522 | Lair:1   | Entered Level 1 of the Lair of Beasts
  9612 | Lair:1   | Noticed a spiny frog
  9618 | Lair:1   | Noticed an eight-headed hydra
  9727 | D:10     | Entered Level 10 of the Dungeon
 10058 | D:10     | Reached skill level 5 in Dodging
 10307 | D:10     | Noticed a two-headed ogre
 10325 | D:10     | Killed a two-headed ogre
 10325 | D:10     | Reached skill level 12 in Spellcasting
 10500 | D:10     | Reached skill level 10 in Fire Magic
 10998 | D:11     | Found a shadowy altar of Dithmenos.
 11129 | D:11     | Offered knowledge of Throw Frost by Vehumet.
 11300 | D:11     | Found Keixim's Weapon Shoppe.
 11350 | D:11     | Noticed a two-headed ogre
 11365 | D:11     | Killed a two-headed ogre
 11562 | D:11     | Found a staircase to the Orcish Mines.
 11728 | D:11     | Reached XP level 11. HP: 57/57 MP: 22/29
 11923 | D:11     | Reached skill level 13 in Spellcasting
 11940 | D:11     | Reached *** piety under Vehumet
 12405 | D:11     | Noticed a centaur warrior
 12412 | D:11     | Killed a centaur warrior
 12675 | D:12     | Noticed a skeletal warrior
 12675 | D:12     | Noticed a skeletal warrior
 12675 | D:12     | Noticed a skeletal warrior
 12675 | D:12     | Noticed a skeletal warrior
 12698 | D:11     | Slain by a skeletal warrior

Vault maps used:
D:1:      lightli_molten_gateway
D:3:      gup_sewer_entry_bowl, uniq_terence
D:4:      nicolae_gozag_cash_rules_everything_around_me, minivault_24
D:5:      elyvilon_altar_5, xom_confusion_cloud, first_bread
D:6:      kennysheep_little_box, temple_green
D:7:      kennysheep_mini, uniq_menkaure
D:8:      black_bear_nest_2, uniq_erica
D:9:      nicolae_overflow_hidden_temple, lemuel_round_altar, lair_entry_dummy
D:10:     hangedman_little_slice_of_home
D:11:     kennysheep_orc_monster_closet_entryway, serial_shops,
          nicolae_shop_waterfront, grunt_dithmenos_smoke_and_mirrors
D:12:     lab_entry_generic
Sewer:    sewer_frog_island_01

Skill      XL: |  1  2  3  4  5  6  7  8  9 10 11 |
---------------+----------------------------------+-----
Dodging        | 3 4 5 |  5.3
Fire Magic     | 4 5 6 7 9 10 | 10.6
Spellcasting   | 4 5 6 7 9 11 12 13 | 13.2
Conjurations   | 2 3 5 6 7 9 |  9.9
Stealth        | 3 4 |  4.8
Fighting       | 1 |  1.9
Short Blades   | |  0.2
Evocations     | |  0.7

Action                   |  1- 3 |  4- 6 |  7- 9 | 10-12 || total
-------------------------+-------+-------+-------+-------++-------
Melee: Short sword       |       |     1 |       |       ||     1
       Staff             |       |       |     4 |     2 ||     6
 Cast: Flame Tongue      |    95 |   109 |   240 |   253 ||   697
       Throw Flame       |       |    16 |    52 |    61 ||   129
       Conjure Flame     |       |     2 |     5 |    17 ||    24
       Fireball          |       |     1 |    19 |    14 ||    34
       Sting             |       |       |       |    11 ||    11
Evoke: Wand              |       |       |       |     7 ||     7
  Use: Scroll            |       |     6 |     3 |     7 ||    16
  Eat: Chunk             |     1 |     6 |    20 |    13 ||    40
       Fruit             |       |       |     1 |       ||     1
Armor: Robe              |    13 |     5 |    16 |    14 ||    48
Dodge: Dodged            |    37 |    10 |    78 |    87 ||   212
